Map: New Gettysburg LE

Players

Fropez - Winner!

  • Race: Protoss Protoss
  • League: Gold
  • Spawn Location: 7:00

MerlinX

  • Race: Zerg Zerg
  • League: Gold
  • Spawn Location: 5:00

VOD

Have the link to the VOD?

Description

Time

  • Played on: Oct. 21, 2016, 10:22 p.m.
  • Length: 19:12
Show
View Real Time Build Order
Export as new Build Order

Fropez Protoss - Winner!

Build Orders:  

Get SALT Encoding   

  12  0:01  Probe (Chrono Boost)  
  13  0:12  Probe (Chrono Boost)  
  14  0:18  Pylon  
  14  0:23  Probe (Chrono Boost)  
  15  0:36  Probe (Chrono Boost)  
  16  0:53  Probe (Chrono Boost)  
  16  0:54  Pylon  
  17  1:01  Gateway  
  17  1:04  Probe (Chrono Boost), Assimilator  
  18  1:15  Probe (Chrono Boost)  
  20  1:25  Probe (Chrono Boost)  
  20  1:36  Probe (Chrono Boost)  
  21  1:40  Nexus  
  21  1:47  Probe (Chrono Boost)  
  21  1:48  Assimilator  
  22  1:58  Probe (Chrono Boost)  
  23  2:02  Cybernetics Core  
  23  2:19  Probe (Chrono Boost), Gateway  
  24  2:25  Pylon  
  25  2:38  Warp Gate (Chrono Boost)  
  25  2:41  Mothership Core (Chrono Boost)  
  26  2:50  Pylon  
  26  2:52  Pylon  
  26  2:54  Probe (Chrono Boost)  
  27  2:59  Probe (Chrono Boost)  
  27  3:05  Probe (Chrono Boost)  
  29  3:08  Pylon  
  29  3:10  Probe (Chrono Boost)  
  30  3:13  Pylon  
  30  3:15  Probe (Chrono Boost)  
  30  3:18  Adept  
  33  3:23  Adept  
  35  3:28  Probe (Chrono Boost)  
  35  3:30  Probe (Chrono Boost)  
  37  3:39  Probe (Chrono Boost)  
  37  3:40  Pylon  
  38  3:44  Gateway  
  38  3:45  Probe (Chrono Boost)  
  39  3:53  Adept  
  39  3:55  Adept  
  43  3:58  Probe  
  44  4:04  Probe  
  44  4:07  Assimilator  
  45  4:10  Probe  
  46  4:19  Probe, Gateway  
  46  4:21  Gateway  
  47  4:42  Adept x3  
  53  4:51  Probe  
  53  4:53  Probe  
  51  5:04  Assimilator  
  51  5:08  Probe  
  51  5:09  Probe  
  51  5:12  Robotics Facility x2  
  53  5:16  Pylon  
  53  5:17  Pylon  
  53  5:23  Gateway  
  53  5:24  Adept x2  
  53  5:25  Gateway  
  56  5:50  Twilight Council  
  56  5:53  Pylon  
  56  5:55  Probe  
  56  5:56  Pylon, Probe  
  58  6:01  Forge x2  
  56  6:06  Probe  
  49  6:12  Immortal  
  49  6:14  Immortal  
  57  6:26  Resonating Glaives (Chrono Boost)  
  53  6:34  Protoss Ground Weapons Level 1 (Chrono Boost), Protoss Ground Armor Level 1 (Chrono Boost)  
  53  6:45  Adept x3  
  53  6:46  Adept x3  
  65  6:55  Probe x2  
  67  7:08  Gateway  
  67  7:10  Gateway  
  67  7:12  Probe x2  
  69  7:29  Nexus  
  67  7:37  Adept x3  
  67  7:38  Adept x3  
  67  7:43  Probe  
  67  7:44  Probe  
  77  7:55  Probe  
  77  7:56  Probe  
  77  7:57  Pylon, Dark Shrine  
  73  8:08  Probe  
  73  8:11  Immortal  
  73  8:12  Immortal  
  82  8:21  Protoss Ground Armor Level 2 (Chrono Boost), Protoss Ground Weapons Level 2 (Chrono Boost)  
  81  8:42  Adept x5  
  81  8:43  Adept x3  
  97  9:12  Stalker x2  
  97  9:14  Blink  
  99  9:22  Pylon  
  93  9:24  Probe x2  
  93  9:25  Photon Cannon  
  93  9:29  Photon Cannon  
  93  9:31  Photon Cannon  
  91  9:32  Pylon  
  91  9:36  Probe  
  92  9:43  Adept  
  92  9:44  Adept x4  
  92  9:45  Adept  
  104  9:49  Nexus  
  104  9:54  Photon Cannon  
  104  9:56  Probe  
  104  9:59  Observer  
  106  10:02  Observer  
  106  10:05  Probe  
  108  10:13  Stalker x3  
  108  10:14  Stalker  
  116  10:26  Pylon  
  116  10:32  Probe x2  
  116  10:33  Pylon  
  118  10:41  Pylon  
  118  10:44  Probe  
  118  10:48  Stalker x3  
  124  11:03  Stalker  
  124  11:04  Stalker x4  
  128  11:10  Assimilator  
  134  11:22  Protoss Ground Weapons Level 3 (Chrono Boost)  
  134  11:23  Protoss Ground Armor Level 3 (Chrono Boost)  
  134  11:33  Templar Archives  
  134  11:38  Photon Cannon  
  134  11:39  Photon Cannon  
  134  11:47  Photon Cannon  
  134  11:53  Photon Cannon  
  134  11:57  Probe  
  134  11:58  Pylon  
  135  12:07  Stalker  
  135  12:08  Stalker x3  
  143  12:21  Stalker x2  
  143  12:22  Probe, Stalker x2  
  151  12:24  Probe  
  153  12:45  Stalker x3  
  153  12:46  Stalker x2  
  153  12:50  High Templar, Assimilator  
  165  13:03  Gateway  
  165  13:04  Gateway  
  165  13:06  Gateway  
  163  13:58  Stalker  
  165  14:07  Pylon  
  165  14:10  Pylon  
  163  14:18  Pylon  
  163  14:19  Pylon  
  163  14:21  Pylon  
  163  14:22  Pylon  
  151  14:28  Stalker x7  
  151  14:29  Nexus, Stalker  
  167  14:32  Pylon  
  167  14:35  Pylon  
  167  14:38  Pylon  
  167  14:42  Protoss Shields Level 1 (Chrono Boost)  
  167  14:53  Photon Cannon  
  167  14:56  Photon Cannon  
  167  15:00  Photon Cannon  
  167  15:19  High Templar x5  
  167  15:20  High Templar x3, Psionic Storm  
  183  15:23  Archon x2  
  183  15:24  Archon x2  
  183  15:43  High Templar x2  
  183  15:44  High Templar  
  180  15:53  Gateway  
  145  16:08  Observer (Chrono Boost)  
  145  16:09  Observer (Chrono Boost)  
  135  16:15  High Templar x3  
  135  16:16  High Templar x2  
  138  16:31  Archon x3  
  134  16:38  Assimilator  
  134  16:40  Assimilator  
  134  17:00  Nexus  
  134  17:04  Assimilator  
  134  17:07  Assimilator  
  134  17:12  Pylon, Observer x2 (Chrono Boost)  
  134  17:13  Pylon  
  136  17:28  Photon Cannon  
  136  17:29  Photon Cannon  
  136  17:31  Photon Cannon  
  136  17:34  Stalker x6  
  136  17:35  Stalker  
  148  18:03  Zealot x5  
  148  18:04  Zealot x7  
  162  18:45  Zealot x4  
  162  18:46  Zealot x6  
  162  18:47  Zealot x2  
Show
View Real Time Build Order
Export as new Build Order

MerlinX Zerg 

Build Orders: 3 Hatch before Pool, Lurkers 

Get SALT Encoding   

  12  0:04  Drone  
  13  0:14  Drone  
  14  0:22  Extractor  
  14  0:24  Extractor  
  14  0:25  Drone  
  14  0:26  Drone  
  14  0:55  Overlord  
  14  1:11  Hatchery  
  13  1:40  Hatchery  
  12  1:50  Drone  
  12  1:51  Drone  
  14  1:54  Drone  
  15  2:22  Drone x2  
  17  2:41  Drone  
  18  2:45  Drone  
  18  2:49  Drone  
  20  2:56  Drone  
  20  2:58  Drone  
  22  3:00  Drone  
  22  3:04  Drone  
  24  3:08  Drone  
  25  3:13  Drone  
  25  3:15  Drone  
  25  3:16  Drone  
  28  3:20  Drone  
  28  3:23  Drone  
  28  3:25  Drone  
  31  3:36  Spawning Pool  
  31  3:39  Drone  
  31  3:40  Drone  
  33  3:41  Drone  
  33  3:43  Drone  
  33  3:46  Overlord  
  34  3:56  Overlord  
  34  3:57  Overlord  
  34  4:08  Extractor  
  33  4:10  Extractor  
  33  4:12  Drone x6  
  33  4:13  Drone  
  39  4:25  Queen  
  38  4:37  Zergling x2  
  38  4:38  Zergling x4  
  33  4:52  Zergling x10  
  35  4:53  Zergling x4  
  35  5:05  Zergling x4  
  35  5:06  Zergling x2  
  37  5:09  Queen  
  37  5:12  Queen  
  32  5:39  Zergling x14  
  32  5:40  Zergling x4  
  36  5:46  Lair  
  36  5:47  Queen  
  28  6:32  Zergling x4  
  30  6:33  Zergling x14  
  30  6:34  Zergling x6  
  40  6:45  Zergling x6  
  43  6:49  Metabolic Boost  
  43  7:20  Spire  
  43  7:22  Hydralisk Den  
  37  7:43  Zergling x14  
  37  7:44  Zergling x4  
  35  8:09  Queen  
  37  8:33  Mutalisk  
  37  8:34  Mutalisk  
  34  8:35  Mutalisk  
  34  8:39  Overseer  
  40  8:45  Queen  
  42  8:55  Drone x3  
  45  8:56  Drone  
  37  9:17  Mutalisk x2  
  36  9:31  Drone x4  
  39  9:32  Drone  
  41  9:41  Zerg Flyer Weapons Level 1  
  41  9:52  Spine Crawler  
  40  10:05  Drone x3  
  43  10:09  Drone  
  43  10:14  Drone  
  45  10:32  Mutalisk x2  
  45  10:33  Mutalisk  
  51  10:35  Mutalisk  
  51  10:42  Overlord  
  53  10:46  Overlord  
  53  10:50  Overlord  
  53  11:07  Pneumatized Carapace  
  53  11:15  Spore Crawler, Drone x6  
  53  11:16  Drone  
  59  11:23  Drone x3  
  62  11:36  Zerg Flyer Weapons Level 2  
  62  11:39  Lurker Den  
  62  11:58  Lair  
  62  12:14  Mutalisk x5  
  62  12:15  Mutalisk x2  
  76  12:16  Mutalisk  
  78  12:56  Mutalisk  
  78  12:57  Mutalisk  
  82  12:59  Overlord x2  
  82  13:00  Overlord x5  
  82  13:18  Burrow  
  67  13:29  Spawning Pool  
  67  13:32  Spine Crawler x2  
  67  13:33  Spine Crawler  
  63  13:37  Spine Crawler x2  
  63  13:38  Spine Crawler  
  60  14:05  Spire  
  58  14:27  Hydralisk x5  
  68  14:42  Queen  
  70  14:58  Lurker x2  
  70  14:59  Lurker x2  
  74  15:07  Drone  
  74  15:08  Drone  
  74  15:12  Drone  
  77  15:24  Mutalisk  
  34  16:31  Hydralisk x6  
  34  16:32  Hydralisk x3  
  43  17:03  Lurker x6  
  43  17:04  Lurker  
  50  17:15  Drone x2  
  52  17:26  Overseer  
  52  17:29  Drone  
  53  17:30  Drone  
  53  17:32  Drone  
  53  17:35  Drone  
  31  18:34  Mutalisk x2  
  31  18:35  Mutalisk x4  
Tags
 
Composition
Lurkers
League
GoldGold
Matchup
PvZ
Replay Pack
From the laptop
Spawn Locations
Close Positions
Add a new tag
Caveats
  • Supply blocks, unpowered buildings, or Contaminate may cause inaccurate times.
  • Supply counts are checked every 10 seconds.